 Dungeon Crawl Stone Soup version 0.18-a0-1639-g7533f42 (webtiles) character file.

524 M4edhros the Poker (level 7, -2/46 HPs)
             Began as an Octopode Fighter on Mar 27, 2016.
             Killed from afar by Dowan (8 damage)
             ... with a stone arrow
             ... on level 4 of the Dungeon.
             The game lasted 00:03:27 (3387 turns).

M4edhros the Poker (Octopode Fighter)               Turns: 3387, Time: 00:03:28

Health: -2/46      AC:  1    Str: 20    XL:     7   Next: 22%
Magic:  7/7        EV: 10    Int: 11    God:
Gold:   236        SH:  9    Dex: 13    Spells: 0 memorised, 6 levels left

rFire  . . .     SeeInvis .     a - +0 trident
rCold  . . .     Gourm    .     b - +0 shield
rNeg   . . .     Faith    .     (helmet restricted)
rPois  .         Spirit   .     (no amulet)
rElec  .         Dismiss  .     v - ring of protection from magic
rCorr  .         Reflect  .     (no ring)
SustAt .         Harm     .     (no ring)
MR     +....                    (no ring)
Stlth  ++........               (no ring)
                                (no ring)
                                (no ring)
                                (no ring)

@: mighty, somewhat resistant to hostile enchantments, unstealthy
A: almost no armour, amphibious, 8 rings, constrict 8, camouflage 1, gelatinous
body 1
a: no special abilities


You were on level 4 of the Dungeon.
You were not hungry.

You visited 1 branch of the dungeon, and saw 4 of its levels.

You collected 236 gold pieces.

Inventory:

Hand Weapons
 a - a +0 trident (weapon)
 n - a +0 dagger of venom
 s - a +0 dagger of pain
 u - a +2 dagger of speed
Missiles
 m - 65 stones (quivered)
 r - 9 sling bullets of frost
Armour
 b - a +0 shield (worn)
Jewellery
 v - a ring of protection from magic (left tentacle)
Wands
 D - a wand of flame (18/48)
 E - a wand of digging (12/24)
Scrolls
 i - 5 scrolls of remove curse
 k - 3 scrolls of teleportation
 l - a scroll of blinking
 p - 2 scrolls of noise {unknown}
 q - a scroll of identify {unknown}
 x - a scroll of amnesia {unknown}
 y - a scroll of enchant weapon {unknown}
 A - a scroll of enchant armour {unknown}
Potions
 e - a potion of ambrosia {unknown}
 g - 2 potions of heal wounds {unknown}
 j - a potion of invisibility {unknown}
 o - a potion of brilliance {unknown}
 t - 2 potions of curing {unknown}
 w - 2 potions of degeneration {unknown}
 C - a potion of lignification {unknown}
Comestibles
 d - 2 bread rations
 f - 3 meat rations
 h - 2 beef jerkies
 z - a slice of pizza


   Skills:
 - Level 3.0 Fighting
 + Level 7.7 Polearms
 - Level 3.0 Dodging
 - Level 3.0 Shields


You had 6 spell levels left.
You didn't know any spells.

Dungeon Overview and Level Annotations

Branches:
Dungeon (4/15)
 Temple: D:4-7

Altars:
Dithmenos
Qazlal
Sif Muna

Shops:
D:4 }

Annotations:
D:4 Dowan


Innate Abilities, Weirdness & Mutations

You cannot wear most types of armour.
You are amphibious.
You can wear up to eight rings at the same time.
You can use your tentacles to constrict eight enemies at once.
Your skin changes colour to match your surroundings (Stealth).
Your rubbery body absorbs attacks (AC +1).


Message History

The stone arrow hits you!
* * * LOW HITPOINT WARNING * * *
You closely miss Dowan. Your grab misses Dowan. You squeeze Dowan!!
Dowan is almost dead.
Dowan hits you with a dagger.
* * * LOW HITPOINT WARNING * * *
Dowan hits you with a dagger.
* * * LOW HITPOINT WARNING * * *
You closely miss Dowan. Your grab misses Dowan.
Dowan is almost dead.
Dowan casts a spell.
Dowan blinks!
Attack whom?
Press: ? - help, Dir - move target cursor, f - Dowan
Aim: Dowan, wielding a dagger and wearing a glowing robe (almost dead, fast)
You reach to attack!
You miss Dowan.
Dowan is almost dead.
Dowan casts a spell at you. The stone arrow hits you!
You die...

#.#
###.###
#.....#
##.....##
#.......#
#.....#
#.....#
#ยง# ##@##
#...####.#
#e........
#...####.#
#####
######
....##


You could see Dowan.

Vanquished Creatures
  Menkaure (D:4)
  Duvessa (D:4)
  A scorpion (D:4)
  An orc priest (D:3)
  An iguana (D:4)
  2 worker ants
  5 adders
  A worm (D:4)
  3 dart slugs
  3 giant geckos
  13 orcs
  7 bats
  3 giant cockroaches (D:3)
  8 goblins
  7 hobgoblins
  13 jackals
  5 kobolds
  2 ball pythons
  4 giant newts
  7 rats
88 creatures vanquished.

Notes
Turn   | Place    | Note
--------------------------------------------------------------
     0 | D:1      | M4edhros the Octopode Fighter began the quest for the Orb.
     0 | D:1      | Reached XP level 1. HP: 16/16 MP: 1/1
    60 | D:1      | Reached XP level 2. HP: 9/21 MP: 2/2
   174 | D:1      | Reached skill level 3 in Polearms
   265 | D:1      | Reached XP level 3. HP: 14/26 MP: 3/3
   975 | D:2      | Reached skill level 4 in Polearms
  1007 | D:2      | Found a shadowy altar of Dithmenos.
  1253 | D:2      | Reached XP level 4. HP: 25/31 MP: 4/4
  1451 | D:2      | Found a deep blue altar of Sif Muna.
  1498 | D:3      | Found a faded altar to an unknown god.
  1626 | D:3      | Reached skill level 5 in Polearms
  1626 | D:3      | Reached XP level 5. HP: 19/36 MP: 5/5
  2482 | D:4      | Noticed Menkaure
  2490 | D:4      | Killed Menkaure
  2490 | D:4      | Reached skill level 6 in Polearms
  2490 | D:4      | Reached XP level 6. HP: 15/42 MP: 6/6
  2703 | D:4      | HP: 2/42 [poisoned by a scorpion]
  2730 | D:4      | Found a stormy altar of Qazlal.
  3046 | D:4      | Found Mitut's Gadget Boutique.
  3050 | D:4      | Reached skill level 7 in Polearms
  3373 | D:4      | Noticed Duvessa
  3374 | D:4      | Noticed Dowan
  3383 | D:4      | Killed Duvessa
  3383 | D:4      | Reached XP level 7. HP: 21/46 MP: 7/7
  3387 | D:4      | Killed from afar by Dowan

Vault maps used:
D:1:      minmay_arrival_shoal_huts, serial_curves, eino_curves_02,
          eino_curves_02
D:2:      lemuel_blue_sif_altar, grunt_dithmenos_smoke
D:3:      ecumenical_altar_1, first_bread
D:4:      grunt_temple_overflow_cloverleaf, nicolae_qazlal_general_emergency,
          serial_shops, nicolae_shop_waterfront, uniq_menkaure, uniq_duvessa

Skill      XL: |  1  2  3  4  5  6 |
---------------+-------------------+-----
Polearms       | 3 4 5 6 7 |  7.7
Fighting       | |  3.0
Dodging        | |  3.0
Shields        | |  3.0

Action                   |  1- 3 |  4- 6 |  7- 9 || total
-------------------------+-------+-------+-------++-------
Melee: Trident           |    60 |    35 |     3 ||    98
       Dagger            |    37 |    95 |       ||   132
  Use: Scroll            |       |     3 |       ||     3
       Potion            |       |     1 |     1 ||     2
 Stab: Sleeping          |     9 |     6 |       ||    15
       Distracted        |     1 |       |       ||     1
  Eat: Chunk             |     1 |     7 |       ||     8
